 Dungeon Crawl Stone Soup version 0.31-a0-851-g7ff8af7976 (webtiles) character file.

Game seed: 242861784501551695

669 theswoord the Twirler (level 7, 0/50 HPs)
             Began as a Demonspawn Gladiator on Oct 7, 2023.
             Was a Follower of Okawaru.
             Succumbed to an orc wizard's poison
             ... on level 5 of the Dungeon.
             The game lasted 00:06:29 (3506 turns).

theswoord the Twirler (Demonspawn Gladiator)        Turns: 3506, Time: 00:06:30

Health: 0/50       AC: 12    Str: 17    XL:     7   Next: 32%
Magic:  7/7        EV: 11    Int:  9    God:    Okawaru [*.....]
Gold:   213        SH:  0    Dex: 14    Spells: 6/6 levels left

rFire   . . .        a - +1 quarterstaff (heavy)
rCold   . . .        (shield currently unavailable)
rNeg    . . .        r - +0 chain mail
rPois   .            c - +0 helmet
rElec   .            (no cloak)
rCorr   .            (no gloves)
SInv    .            t - +2 pair of boots
Will    .....        g - amulet of regeneration Stlth
                     (no ring)
HPRegen 1.08/turn    (no ring)
MPRegen 0.10/turn

%: no passive effects
@: lethally poisoned (0 -> -17)
A: repulsion field 2, powered by death 1
a: Renounce Religion, Heroism


You were on level 5 of the Dungeon.
You worshipped Okawaru.
Okawaru was aware of your devotion.
You visited 2 branches of the dungeon, and saw 6 of its levels.

You collected 213 gold pieces.

Inventory:

Hand Weapons
 a - a +1 heavy quarterstaff (weapon)
Missiles
 d - 3 throwing nets (quivered)
 e - 5 javelins
Armour
 b - a +0 leather armour
 c - a +0 helmet (worn)
 r - a +0 chain mail (worn)
 s - a +0 ring mail
 t - a +2 pair of boots (worn)
Jewellery
 g - an amulet of regeneration (around neck)
Talismans
 n - a blade talisman
 p - a maw talisman
Scrolls
 f - 2 scrolls of identify
 l - a scroll of silence
Potions
 i - 6 potions of heal wounds
 j - a potion of degeneration
 k - 4 potions of curing {unknown}
 m - a potion of cancellation {unknown}
 o - 2 potions of mutation {unknown}
 q - a potion of enlightenment {unknown}
 u - a potion of resistance {unknown}
 w - a potion of haste {unknown}


   Skills:
 - Level 2.0 Fighting
 + Level 7.9 Staves
 - Level 1.7 Throwing
 - Level 2.6 Dodging


You had 6 spell levels left.
You didn't know any spells.
Your spell library was empty.

Dungeon Overview and Level Annotations

Branches:
Dungeon (5/15)             Temple (1/1) D:4

Altars:
Ashenzari
Cheibriados
Dithmenos
Fedhas
Gozag
Hepliaklqana
Kikubaaqudgha
Nemelex Xobeh
Okawaru
Qazlal
Ru
Sif Muna
Trog
Uskayaw
Vehumet
Wu Jian
Xom
Yredelemnul

Shops:
D:3 ?


Innate Abilities, Weirdness & Mutations

You are surrounded by a moderate repulsion field. (EV +3)
You regenerate a little health from kills.


Message History

Unknown command.
You miss something.
You feel very sick. Something hits you.
You are more poisoned.
Something hits you but does no damage.
You are more poisoned.
You barely miss something.
You feel extremely sick. Something hits you but does no damage.
You are more poisoned.
You thump something!
You feel extremely sick. Something hits you but does no damage.
You are more poisoned.
You closely miss something.
* * * LOW HITPOINT WARNING * * *
You feel extremely sick. Something hits you.
* * * LOW HITPOINT WARNING * * *
You are lethally poisoned!
You hear some strange, mumbled words.
A magic dart appears from out of thin air!
The magic dart hits you.
* * * LOW HITPOINT WARNING * * *
You are confused.
You feel invigorated.
* * * LOW HITPOINT WARNING * * *
You feel extremely sick. Something completely misses you.
* * * LOW HITPOINT WARNING * * *
You feel very sick.
You feel less invigorated.
You feel less confused.
* * * LOW HITPOINT WARNING * * *
You feel very sick. Something hits you but does no damage.
You are more poisoned.
You hit something.
You die...

#..#.# #..#.#
####..#.# .......###
#.?..... #...... ..#
##.#.)>###.#.##
#....).@......#
#..###.###.####
#<....#.# ###.#.#.#
#.....#.#############
#.#.###..............
#)...†..#############
#.............
#....##.######


There were no monsters in sight!

Vanquished Creatures
  An ogre (D:4)
  3 wights (D:4)
  A hound (D:4)
  2 iguanas
  4 orc wizards
  8 gnolls
  4 adders
  A shadow imp (D:5)
  5 worms
  2 dart slugs
  23 orcs
  8 bats
  8 endoplasms
  6 giant cockroaches
  9 goblins
  5 hobgoblins
  2 jackals (D:1)
  3 quokkas
  9 ball pythons
  3 frilled lizards
  7 kobolds
  7 rats
121 creatures vanquished.

Notes
Turn   | Place    | Note
-------+----------+-------------------------------------------
     0 | D:1      | theswoord the Demonspawn Gladiator began the quest for the
                  | Orb.
     0 | D:1      | Reached XP level 1. HP: 16/16 MP: 1/1
    36 | D:1      | Reached skill level 3 in Staves
    94 | D:1      | Gained mutation: You regenerate a little health from kills.
                  | [demonic ancestry]
    94 | D:1      | Reached XP level 2. HP: 22/22 MP: 2/2
   602 | D:1      | Reached XP level 3. HP: 27/27 MP: 3/3
   934 | D:2      | Reached skill level 4 in Staves
  1364 | D:2      | Identified the +3 spear of Kuck {spect, rPois rN++ MP+9
                  | Int-3}
  1618 | D:3      | Gained mutation: You are surrounded by a mild repulsion
                  | field. (EV +2) [demonic ancestry]
  1618 | D:3      | Reached XP level 4. HP: 33/33 MP: 4/4
  1664 | D:3      | Reached skill level 5 in Staves
  1702 | D:3      | Reached XP level 5. HP: 38/38 MP: 5/5
  1873 | D:3      | Found Syodu's Magic Scroll Boutique.
  2692 | D:4      | Reached skill level 6 in Staves
  2814 | D:4      | Found a staircase to the Ecumenical Temple.
  2888 | Temple   | Entered the Ecumenical Temple
  2954 | Temple   | Became a worshipper of Warmaster Okawaru
  3047 | D:4      | Reached XP level 6. HP: 44/44 MP: 6/6
  3084 | D:4      | Reached skill level 7 in Staves
  3235 | D:5      | Entered Level 5 of the Dungeon
  3252 | D:5      | Gained mutation: You are surrounded by a moderate repulsion
                  | field. (EV +3) [demonic ancestry]
  3252 | D:5      | Reached XP level 7. HP: 37/50 MP: 7/7
  3496 | D:5      | Reached * piety under Okawaru
  3506 | D:5      | Succumbed to an orc wizard's poison

Skill      XL: |  1  2  3  4  5  6 |
---------------+-------------------+-----
Staves         | 3 4 5 6 7 |  7.9
Fighting       | |  2.0
Throwing       | |  1.7
Dodging        | |  2.6

Action                     |  1- 3 |  4- 6 |  7- 9 || total
---------------------------+-------+-------+-------++-------
  Melee: Quarterstaff      |   156 |   179 |    37 ||   372
    Use: Scroll            |     8 |     3 |     1 ||    12
         Potion            |       |     1 |     1 ||     2
   Stab: Sleeping          |     4 |       |       ||     4
 Armour: Leather armour    |    92 |   107 |       ||   199
         Chain mail        |       |    34 |    42 ||    76
  Dodge: Dodged            |   107 |   194 |    19 ||   320

Levels and vault maps discovered:
D:1:      ncdulo_watergridlock, layout_loops_corners
D:2:      layout_loops_ring, serial_glass, glass_columns_b, glass_columns_c,
          glass_columns_b, glass_columns_b, glass_columns_b, glass_columns_a,
          feat_on_display, due_unseen_surprise, minmay_strange_pillars,
          minmay_strange_pillars, minmay_unequal
D:3:      layout_loops_ring, serial_shops, shop, nicolae_houndstooth_variations
D:4:      layout_loops_cross, minmay_temple_entry_ruins, kennysheep_flooded_box
D:5:      layout_basic
Temple:   mainiacjoe_temple_starburst
